 Dungeon Crawl Stone Soup version 0.21-a0-26-g7b23a2f (webtiles) character file.

32 tof the Poker (level 3, 0/25 HPs)
             Began as a Merfolk Gladiator on May 25, 2017.
             Succumbed to an adder's poison
             ... on level 1 of the Dungeon.
             The game lasted 00:01:49 (1081 turns).

tof the Poker (Merfolk Gladiator)                   Turns: 1081, Time: 00:01:50

Health: 0/25       AC:  6    Str: 14    XL:     3   Next: 27%
Magic:  3/3        EV: 14    Int:  7    God:
Gold:   41         SH:  0    Dex: 16    Spells: 2/2 levels left

rFire    . . .     SeeInvis .   a - +0 trident
rCold    . . .     Gourm    .   (no shield)
rNeg     . . .     Faith    .   b - +0 leather armour
rPois    .         Spirit   .   c - +0 helmet
rElec    .         Reflect  .   (no cloak)
rCorr    .         Harm     .   (no gloves)
MR       .....     Rnd*Rage +   (no boots)
Stlth    +.........             (no amulet)
Regen    0.1/turn               (no ring)
MPRegen  0.1/turn               (no ring)

@: lethally poisoned (0 -> -1)
A: change form in water, swift swim, stealthy swim, thin metallic scales 1,
berserk 1, frail 1
a: no special abilities


You were on level 1 of the Dungeon.
You were not hungry.

You visited 1 branch of the dungeon, and saw 2 of its levels.

You collected 41 gold pieces.

Inventory:

Hand Weapons
 a - a +0 trident (weapon)
Missiles
 d - 3 throwing nets (quivered)
Armour
 b - a +0 leather armour (worn)
 c - a +0 helmet (worn)
Jewellery
 h - a +3 ring of protection {unknown}
Scrolls
 i - a scroll of enchant armour {unknown}
 j - a scroll of remove curse {unknown}
Potions
 g - a potion of agility {unknown}
 m - a potion of heal wounds {unknown}
Comestibles
 f - 2 bread rations
 k - 3 fruits
 l - 3 chunks of flesh


   Skills:
 + Level 2.7 Fighting
 * Level 5.2 Polearms
 + Level 2.2 Throwing
 + Level 4.3 Dodging


You had 2 spell levels left.
You didn't know any spells.

Dungeon Overview and Level Annotations

Branches:
Dungeon (2/15)

Altars:


Innate Abilities, Weirdness & Mutations

You revert to your normal form in water.
You are very nimble and swift while swimming.
You are very stealthy in the water. (Stealth+)
You are partially covered in thin metallic scales. (AC +2)
You tend to lose your temper in combat.
You are frail. (-10% HP)


Message History

* * * LOW HITPOINT WARNING * * *
The bat barely misses you.
* * * LOW HITPOINT WARNING * * *
You feel sick. The bat barely misses you. The bat closely misses you.
The bat barely misses you. The bat closely misses you.
The bat closely misses you.
You see here 25 bolts.
* * * LOW HITPOINT WARNING * * *
You feel sick. The bat barely misses you. The bat hits you but does no damage.
There is a stone staircase leading up here.
The bat hits you.
* * * LOW HITPOINT WARNING * * *
You climb upwards.
There is a stone staircase leading down here.
Unknown command.
It was a potion of mutation.
You feel extremely strange.
You feel frail.
You feel a little pissed off.
Thin metallic scales grow over part of your body.
You die...

#.# ####............ #.#
#.....รท.........
#.########............#..
#.##.....'........###.#..
#.##.#####...###......#..
#)##.# #...###..##..#..
#.##.# #...............
#.##.# ###....##......#.#
#.##.# #@b...............
#.##.# #.####............
##.##.###.#####.#.#.###...
#.........................
#####.###.#####...#.###.#.
#.# #................. #.#
##.#####..####.#.. #.# #.#
#..........
#.####.#####..........


You could see a bat.

Vanquished Creatures
  A worm (D:2)
  A dart slug (D:1)
  A giant cockroach (D:1)
  2 goblins (D:1)
  4 hobgoblins (D:1)
  4 kobolds (D:1)
  3 ball pythons (D:1)
  6 bats
  3 frilled lizards (D:1)
  4 rats
29 creatures vanquished.

Notes
Turn   | Place    | Note
-------+----------+-------------------------------------------
     0 | D:1      | tof the Merfolk Gladiator began the quest for the Orb.
     0 | D:1      | Reached XP level 1. HP: 16/16 MP: 1/1
   361 | D:1      | Reached XP level 2. HP: 19/23 MP: 2/2
   796 | D:1      | Reached skill level 5 in Polearms
   857 | D:1      | Reached XP level 3. HP: 28/28 MP: 3/3
  1079 | D:2      | HP: 1/28 [bat (1)]
  1081 | D:1      | Gained mutation: You are frail. (-10% HP) [potion of mutation]
  1081 | D:1      | Gained mutation: You tend to lose your temper in combat. [potion of mutation]
  1081 | D:1      | Gained mutation: You are partially covered in thin metallic scales. (AC +2) [potion of mutation]
  1081 | D:1      | Succumbed to an adder's poison

Vault maps used:
D:1:      lemuel_arrival_tunnels
D:2:      mumra_celtic_spiral_tile

Skill      XL: |  1  2 |
---------------+-------+-----
Polearms       | 5 |  5.2
Fighting       | |  2.7
Throwing       | |  2.2
Dodging        | |  4.3

Action                   || total
-------------------------++-------
Melee: Trident           ||   111
  Use: Potion            ||     1
 Stab: Sleeping          ||     1
  Eat: Chunk             ||     1
Armor: Leather armour    ||    28
Dodge: Dodged            ||    90
